[Event "Early-Titled-Tuesday-Blitz-February-20-2024"]
[Site "Chess.com"]
[Date "2024.02.20"]
[Round "5"]
[White "platy3"]
[Black "lamomiajunior"]
[Result "1-0"]
[WhiteElo "2960"]
[BlackElo "2726"]
[TimeControl "180+1"]
[EndTime "8:56:03 PST"]
[Termination "platy3 won by resignation"]

1. e4 c5 2. Nf3 d6 3. Bb5+ Bd7 4. Bxd7+ Qxd7 5. O-O g6 6. c3 Nf6 7. Qe2 Bg7 8. d4 cxd4 9. cxd4 O-O 10. Nc3 Nc6 11. h3 Rac8 12. Rd1 d5 13. e5 Ne8 14. Bg5 Nc7 15.
Qe3 f6 16. exf6 exf6 17. Bh6 Rce8 18. Qd2 Bxh6 19. Qxh6 Re6 20. h4 Rfe8 21. Qf4 Kg7 22. Rac1 h6 23. Qg3 f5 24. b4 Nxb4 25. Ne2 Nc6 26.
Nf4 Rd6 27. Ne5 Qd8 28. Nfxg6 Nxe5 29. Nxe5+ Kf8 30. Qf4 Ree6 31. Qxf5+ Rf6 32. Qh7 Ne8 33. Qh8+ Ke7 34. Re1 Rde6 35. Qh7+ Kf8 36. Nd7+ 1-0

[Event "Early-Titled-Tuesday-Blitz-February-20-2024"]
[Site "Chess.com"]
[Date "2024.02.20"]
[Round "5"]
[White "CSB7"]
[Black "aistrel"]
[Result "1-0"]
[WhiteElo "2770"]
[BlackElo "2524"]
[TimeControl "180+1"]
[EndTime "8:56:03 PST"]
[Termination "CSB7 won by resignation"]

1. d4 d5 2. c4 e6 3. Nf3 c6 4. g3 dxc4 5. Bg2 Nd7 6. O-O b5 7. Nc3 Bb7 8. Ne5 Nxe5 9. dxe5 Qxd1 10. Rxd1 Rb8 11. Be3 a6 12. a4 Bb4 13. axb5 axb5 14.
Ne4 Ne7 15. Bc5 Bxc5 16. Nxc5 Nd5 17. Nxb7 O-O 18. Nd6 f5 19. exf6 gxf6 20. Ne4 Kf7 21. Ra7+ Kg6 22. Nc5 Rfe8 23. Rda1 h5 24. Ne4 f5 25.
Nc3 b4 26. Nxd5 cxd5 27. Rc7 Rec8 28. Rxc8 Rxc8 29. e3 Kf6 30. Kf1 Ke5 31. Ke2 Kd6 32. Kd2 e5 33. Ra6+ Kc5 34. Ra5+ Kb6 35. Rxd5 c3+ 36.
bxc3 bxc3+ 37. Kc2 e4 38. Rxf5 Rd8 39. Kxc3 Rd1 40.
Bxe4 Rf1 41. h4 Kc7 42. Rf4 Kd6 43. Bg6 Ke5 44. Bxh5 Rc1+ 45. Kd2 Rc8 46. Bd1 Ra8 47. Ke1 Rd8 48. Be2 Rc8 49. Kf1 Rc1+ 50. Kg2 Rc2 51. Bf3 Rb2 52. h5 Rb7 53. g4 Ra7 54. Rf5+ Ke6 55.
Bd5+ Kd6 56. e4 Ra1 57. f3 Re1 58. Kg3 Rd1 59. Kf4 Rb1 60. Kg5 Rb8 61. Rf6+ Ke5 62. f4+ Kd4 63. h6 Rb1 64. h7 Rh1 65. Rh6 Rxh6 66. Kxh6 Ke3 67. Kg5 1-0

[Event "Early-Titled-Tuesday-Blitz-February-20-2024"]
[Site "Chess.com"]
[Date "2024.02.20"]
[Round "5"]
[White "Hilary46"]
[Black "MasterKroket"]
[Result "1-0"]
[WhiteElo "2661"]
[BlackElo "2511"]
[TimeControl "180+1"]
[EndTime "8:56:03 PST"]
[Termination "Hilary46 won by checkmate"]

1. e4 e5 2. Nf3 Nc6 3. Bb5 a6 4. Ba4 Nf6 5. Kf1 b5 6. Bb3 Nxe4 7. Qe2 Nf6 8. Nxe5 Nxe5 9. Qxe5+ Be7 10. Nc3 O-O 11. d3 Bb7 12. Nd5 Nxd5 13. Bxd5 Bf6 14.
Qf5 g6 15. Qf3 Bxd5 16. Qxd5 Re8 17. c3 c6 18. Qf3 d5 19. d4 b4 20. g3 bxc3 21. bxc3 Rb8 22. Kg2 Re4 23. Bf4 Rb2 24. Rab1 Qb6 25. Rxb2 Qxb2 26. Bc1 Qe2 27. Qxf6 Re6 28.
Qf3 Qxa2 29. Bf4 f6 30. h4 a5 31. h5 g5 32. Bc7 Qc2 33. Bxa5 Kf7 34. Bb4 f5 35. Ra1 h6 36. Ra7+ Kf6 37. Ba5 f4 38. Bd8+ Kf5 39. g4# 1-0

[Event "Early-Titled-Tuesday-Blitz-February-20-2024"]
[Site "Chess.com"]
[Date "2024.02.20"]
[Round "5"]
[White "Nouali_Mohamed"]
[Black "Hudijegszid"]
[Result "1/2-1/2"]
[WhiteElo "2536"]
[BlackElo "2353"]
[TimeControl "180+1"]
[EndTime "8:56:03 PST"]
[Termination "Game drawn - insufficient material"]

1. e4 c6 2. d4 d5 3. e5 c5 4. c4 cxd4 5. Nf3 Nc6 6. Nxd4 Nxe5 7. cxd5 Qxd5 8. Nc3 Qd8 9. Bb5+ Bd7 10. Qe2 Nc6 11. Be3 Nf6 12. O-O e6 13. Rfd1 Qc8 14. Rac1 Bb4 15.
a3 Bxc3 16. Rxc3 O-O 17. Bxc6 Bxc6 18. Nxc6 bxc6 19. Rdc1 Qb7 20. Rxc6 Rac8 21. Rxc8 Rxc8 22. Rxc8+ Qxc8 23. h3 a6 24. Qd3 Nd5 25. Bd2 f5 26. b4 Qc6 27. g4 g6 28. Qb3 Nb6 29.
Be3 Nc4 30. Bc5 Kf7 31. Qxc4 Qf3 32. Qd4 Qxh3 33. Qd7+ Kf6 34. Be7+ Ke5 35. Qc7+ Kd4 36. Qc5+ Kd3 37. Qe3+ Qxe3 38. fxe3 Kxe3 39. gxf5 exf5 40.
a4 Ke4 41. b5 axb5 42. axb5 Kd5 43. Kf2 h6 44. Kf3 g5 45. Bf8 h5 46. Be7 h4 47. Bxg5 Kc5 48. Bxh4 Kxb5 49. Kf4 Kc6 50. Kxf5 1/2-1/2

[Event "Early-Titled-Tuesday-Blitz-February-20-2024"]
[Site "Chess.com"]
[Date "2024.02.20"]
[Round "5"]
[White "TemploVillamarin"]
[Black "N4700000"]
[Result "1/2-1/2"]
[WhiteElo "2302"]
[BlackElo "2461"]
[TimeControl "180+1"]
[EndTime "8:56:03 PST"]
[Termination "Game drawn by agreement"]

1. d4 Nf6 2. Nc3 d5 3. e4 dxe4 4. f3 Bf5 5. g4 Bg6 6. g5 Nd5 7. Nxe4 Nc6 8. c3 e5 9. Bb5 Be7 10. dxe5 O-O 11. Bxc6 bxc6 12. h4 Bxe4 13. fxe4 Nb6 14. Qxd8 Rfxd8 15. Ne2 Nc4 16. O-O Nxe5 17. Nd4 Bc5 18. Be3 Ng4 19. Bf4 Bxd4+ 20. cxd4 Rxd4 21. Rac1 Rxe4 22. Rxc6 f5 23. gxf6 Nxf6 24. Bg5 Nd5 25. Rd1 Ne3 26. Re1 Rae8 27. Rxc7 a5 28. b3 a4 29. bxa4 h6 30. Bxe3 Rxe3 31. Rxe3 Rxe3 32. a5 Ra3 33. Ra7 Rxa2 34. a6 h5 35. Ra8+ Kh7 36. a7 Kg6 37. Kh1 Kh7 38. Kg1 Kg6 1/2-1/2

[Event "Early-Titled-Tuesday-Blitz-February-20-2024"]
[Site "Chess.com"]
[Date "2024.02.20"]
[Round "5"]
[White "VinzentSpitzl"]
[Black "Doublekk14"]
[Result "1-0"]
[WhiteElo "2541"]
[BlackElo "2298"]
[TimeControl "180+1"]
[EndTime "8:56:04 PST"]
[Termination "VinzentSpitzl won on time"]

1. e4 c5 2. Nf3 e6 3. d4 cxd4 4. Nxd4 Nf6 5. Nc3 Nc6 6. Ndb5 Bc5 7. Bf4 O-O 8. Bc7 Qe7 9. Bd6 Bxd6 10. Qxd6 Ne8 11. Qxe7 Nxe7 12. O-O-O f5 13. f3 a6 14. Nd4 b5 15. a3 Ra7 16. exf5 Nxf5 17. Nxf5 Rxf5 18.
Bd3 Rg5 19. Rhg1 Rc7 20. Ne4 Rd5 21. Kb1 Nf6 22. Rge1 Nxe4 23. Bxe4 Rxd1+ 24. Rxd1 d5 25. Bd3 g6 26. f4 Kg7 27. Kc1 Kf6 28. Kd2 Ke7 29. h4 Kd6 30. Ke3 Rf7 31. g3 Bd7 32. Rh1 Rg7 33. Kf2 Bc6 34. h5 Be8 35. h6 Rc7 36. Re1 Bf7 37. Kf3 Rb7 38. Kg4 Ke7 39. Kg5 a5 40. b4 axb4 41. axb4 Kd6 42. Kf6 Bg8 43. Ra1 Rf7+ 44. Kg5 Rc7 45. Ra6+ Ke7 46. Ra8 Bf7 47. Rh8 1-0

[Event "Early-Titled-Tuesday-Blitz-February-20-2024"]
[Site "Chess.com"]
[Date "2024.02.20"]
[Round "5"]
[White "Sanyura"]
[Black "Byniolus"]
[Result "0-1"]
[WhiteElo "2617"]
[BlackElo "2832"]
[TimeControl "180+1"]
[EndTime "8:56:06 PST"]
[Termination "Byniolus won on time"]

1. e4 d5 2. exd5 Nf6 3. Nf3 Nxd5 4. g3 Bf5 5. Bg2 e6 6. O-O c6 7. d4 Be7 8. a3 O-O 9. c4 Nf6 10. Nc3 Nbd7 11. Re1 h6 12. Qb3 Qb6 13. Qa4 Rfe8 14. b4 Qd8 15. Bf4 Nb6 16. Qb3 Bd3 17. Bf1 Bxf1 18. Kxf1 a5 19. Kg2 Nfd7 20. Rad1 Bf8 21. c5 axb4 22. axb4 Nd5 23. Nxd5 exd5 24. b5 g5 25. Bd6 Bxd6 26. Rxe8+ Qxe8 27. cxd6 Qe6 28. bxc6 bxc6 29. Qb4 Rb8 30. Qa3 g4 31. Ne5 Nxe5 32. Re1 Nc4 33. Qa7 Qxe1 34. Qxb8+ Kh7 35. d7 Nd2 0-1

[Event "Early-Titled-Tuesday-Blitz-February-20-2024"]
[Site "Chess.com"]
[Date "2024.02.20"]
[Round "5"]
[White "IngOscarArdila"]
[Black "secrethawk1"]
[Result "0-1"]
[WhiteElo "2243"]
[BlackElo "2465"]
[TimeControl "180+1"]
[EndTime "8:56:08 PST"]
[Termination "secrethawk1 won by checkmate"]

1. d4 e6 2. c4 d5 3. Nc3 Nf6 4. Bg5 Be7 5. Nf3 c6 6. e3 h6 7. Bh4 O-O 8. Qc2 Nbd7 9. Bd3 Re8 10. O-O Nh5 11. Bxe7 Qxe7 12. Ne5 Nhf6 13. f4 Qd6 14. c5 Qc7 15. b4 a6 16. a4 b6 17. cxb6 Qxb6 18. Rfb1 Bb7 19. a5 Qc7 20. Na4 Nxe5 21.
fxe5 Nd7 22. Rf1 Rf8 23. Rac1 Rab8 24. Qe2 Ra8 25. Bb1 Rab8 26. Qc2 g6 27. Qd2 Kg7 28. Bd3 Qd8 29. Qf2 Qe7 30. Rb1 Bc8 31. Nc5 Nxc5 32. bxc5 Bb7 33. Rb6 Ba8 34. Rfb1 Qa7 35. Qf6+ Kg8 36.
Bxg6 fxg6 37. Qxg6+ Kh8 38. Qxh6+ Kg8 39. Qxe6+ Kh8 40.
Qh6+ Kg8 41. Rxb8 Rxb8 42. Rf1 Qg7 43. Qe6+ Kh8 44. Rf6 Rb1+ 45. Kf2 Rb2+ 46. Kf3 Qxg2+ 47. Kf4 Rf2# 0-1

[Event "Early-Titled-Tuesday-Blitz-February-20-2024"]
[Site "Chess.com"]
[Date "2024.02.20"]
[Round "5"]
[White "GMT4114"]
[Black "erugee"]
[Result "0-1"]
[WhiteElo "2033"]
[BlackElo "2323"]
[TimeControl "180+1"]
[EndTime "8:56:08 PST"]
[Termination "erugee won on time"]

1. e4 e5 2. Bc4 Nc6 3. Nc3 Nf6 4.
d3 Be7 5. f4 d6 6. Nf3 Bg4 7. h3 Bxf3 8. Qxf3 Nd4 9. Qf2 c6 10.
Be3 b5 11. Bb3 Nxb3 12. axb3 a6 13. O-O O-O 14. Ne2 Nh5 15. fxe5 dxe5 16. Qf3 g6 17. g4 Ng7 18. Ng3 Bg5 19. Rf2 Bxe3 20. Qxe3 Ne6 21. Ne2 Kg7 22. Raf1 f6 23. Rf3 c5 24. Qf2 Ng5 25. Rg3 Qd6 26. Nc3 Qd4 27. Nd5 Rf7 28.
h4 Qxf2+ 29. Rxf2 Ne6 30. Rgf3 Raf8 31. Kh2 Nd4 32. Rg3 Rc8 33. Re3 Rc6 34. Rg3 c4 35. bxc4 bxc4 36. Rg1 cxd3 37. cxd3 Rb7 38. Rgf1 Rf7 39. Kg3 Rc2 40. Rxc2 Nxc2 41. Rf2 Nd4 42. b4 f5 43. gxf5 gxf5 44. Ra2 f4+ 0-1

[Event "Early-Titled-Tuesday-Blitz-February-20-2024"]
[Site "Chess.com"]
[Date "2024.02.20"]
[Round "5"]
[White "Mikasinski"]
[Black "DuleMudule"]
[Result "0-1"]
[WhiteElo "2632"]
[BlackElo "2853"]
[TimeControl "180+1"]
[EndTime "8:56:09 PST"]
[Termination "DuleMudule won by resignation"]

1. e4 c5 2. Nf3 Nc6 3. d4 cxd4 4. Nxd4 Qc7 5. Nc3 e6 6. Be2 a6 7. O-O Nf6 8. Be3 Bb4 9. Na4 Be7 10. Nxc6 bxc6 11. Nb6 Rb8 12. Nxc8 Qxc8 13. e5 Nd5 14. Bc1 Bc5 15. c4 Ne7 16. a3 a5 17. Rb1 Qc7 18. Bf4 Ng6 19. Bg3 Nxe5 20. Qc2 O-O 21. Rfd1 d6 22. h4 f5 23. Qd2 a4 24. Re1 Rb3 25. Bxe5 dxe5 26. Bd1 Rg3 27. Kh2 Rg6 28. Bxa4 e4+ 29.
Kh1 Rh6 30. g3 e3 31. Rxe3 Bxe3 32. Qxe3 f4 33. Qc3 Qa7 34. Bxc6 Qxf2 35. Rg1 f3 36. Qe1 Qxb2 37. Qe3 Qe2 38. Qc1 Rg6 39. Qf1 Rxg3 40. Qxe2 fxe2 41. Re1 Rf1+ 42. Kh2 Rxe1 43. Kxg3 Rg1+ 0-1

[Event "Early-Titled-Tuesday-Blitz-February-20-2024"]
[Site "Chess.com"]
[Date "2024.02.20"]
[Round "5"]
[White "sokidze"]
[Black "JonSnowNW1"]
[Result "1-0"]
[WhiteElo "2791"]
[BlackElo "2500"]
[TimeControl "180+1"]
[EndTime "8:56:10 PST"]
[Termination "sokidze won by resignation"]

1. d4 d5 2. Nc3 Nf6 3. Bf4 c6 4. e3 Nbd7 5. Nf3 b5 6. h3 b4 7. Na4 Qa5 8. b3 e6 9. Bd3 Be7 10. O-O O-O 11. Ne5 Nxe5 12. dxe5 Nd7 13. e4 Ba6 14.
exd5 cxd5 15. Bxa6 Qxa6 16. Nb2 Rac8 17. Nd3 Qb5 18. Be3 a5 19. Qg4 Rfd8 20. Rac1 a4 21. f4 g6 22. Kh1 axb3 23. axb3 Nc5 24. Bxc5 Bxc5 25. f5 exf5 26. Rxf5 Be3 27. Rcf1 Rxc2 28. Rxf7 Qxd3 29. Qe6 Qxf1+ 30. Rxf1+ Kg7 31. Qf6+ Kh6 32. Qh4+ Kg7 33. Qxd8 1-0

[Event "Early-Titled-Tuesday-Blitz-February-20-2024"]
[Site "Chess.com"]
[Date "2024.02.20"]
[Round "5"]
[White "Rurep26"]
[Black "KuzubovYuriy"]
[Result "0-1"]
[WhiteElo "2727"]
[BlackElo "2960"]
[TimeControl "180+1"]
[EndTime "8:56:11 PST"]
[Termination "KuzubovYuriy won on time"]

1. d4 g6 2. e4 Bg7 3. Nc3 d6 4. Be3 a6 5. Qd2 b5 6. h4 Bb7 7.
f3 h6 8. Nge2 Nd7 9. a4 b4 10. Nd1 c5 11. c3 bxc3 12. Ndxc3 Ngf6 13. g4 Rc8 14. d5 Ne5 15. Ng1 e6 16. dxe6 fxe6 17. O-O-O d5 18. exd5 exd5 19. Bf4 Nf7 20. Qc2 O-O 21. Qxg6 Rc6 22. Bd3 Ne4 23. Qf5 Rf6 24.
Bxe4 Rxf5 25. Bxf5 Nd6 26. Be6+ Kh8 27. Nge2 d4 28.
g5 Qe7 29. gxh6 Bf6 30. Bg4 dxc3 31. Nxc3 Nc4 32. Rd7 Qe8 33. Bf5 Rf7 34. Rxf7 Qxf7 35. Rd1 Bc6 0-1

[Event "Early-Titled-Tuesday-Blitz-February-20-2024"]
[Site "Chess.com"]
[Date "2024.02.20"]
[Round "5"]
[White "ViratKohl_i"]
[Black "Kirill_Klukin"]
[Result "0-1"]
[WhiteElo "2525"]
[BlackElo "2842"]
[TimeControl "180+1"]
[EndTime "8:56:11 PST"]
[Termination "Kirill_Klukin won by resignation"]

1. c4 c5 2. Nc3 Nc6 3. g3 g6 4.
Bg2 Bg7 5. h4 Nf6 6. Nf3 a6 7. d3 Rb8 8. Qd2 b5 9. b3 d6 10. Bb2 O-O 11. O-O Bd7 12. Rac1 Qa5 13. Rfd1 Rfc8 14. Ng5 Ne5 15. Nge4 Nxe4 16. Nxe4 Qxa2 17.
cxb5 axb5 18. Nc3 Qxb3 19. Bd5 Qb4 20. Rb1 Qg4 21. Ne4 Bc6 22. Bxc6 Nxc6 23. Bxg7 Kxg7 24. f3 Qh3 25. Qg5 f6 26. Qf4 Nd4 27. Rd2 Ne6 28. Qe3 d5 29. Nf2 Qxg3+ 30. Kf1 Qd6 31. Ng4 Nf4 32. Ra2 d4 33. Qe4 f5 34. Qe5+ Qxe5 35. Nxe5 Rb7 36. Ra6 Nd5 37. Rba1 c4 38. dxc4 bxc4 39.
Kf2 c3 40. Nc6 Nb4 41. Nxb4 Rxb4 42. Ra7 Kf7 0-1

[Event "Early-Titled-Tuesday-Blitz-February-20-2024"]
[Site "Chess.com"]
[Date "2024.02.20"]
[Round "5"]
[White "kleopl"]
[Black "ragnaroek66"]
[Result "0-1"]
[WhiteElo "2531"]
[BlackElo "2419"]
[TimeControl "180+1"]
[EndTime "8:56:11 PST"]
[Termination "ragnaroek66 won by resignation"]

1. e4 c5 2. Nc3 Nc6 3. Bb5 Nd4 4.
Bc4 e6 5. Nge2 Nf6 6. O-O a6 7. a4 d5 8. exd5 exd5 9. Ba2 Nc6 10. d4 c4 11. b3 b5 12. axb5 axb5 13. Nxb5 cxb3 14. cxb3 Be7 15. Bf4 O-O 16. Re1 Nb4 17. Qd2 Ne4 18. Qb2 Nd3 19. Qc2 Nxe1 20. Rxe1 Qa5 21.
Nbc3 Bb4 22. Bd2 Bf5 23. Nxe4 Bxe4 24. Bxb4 Qxb4 25. Qc3 Rfb8 26. Bb1 Ra1 27. f3 Rxb1 28. Rxb1 Bxb1 29. Qc1 Qxb3 30. Kf2 Bg6 31. Qc7 Qb7 32.
Qe5 f6 33. Qe6+ Bf7 34. Qd6 Qb6 35. Qd7 Rd8 36. Qf5 Bg6 37. Qf4 Qd6 38. Qh4 Re8 39. Nf4 Qe7 40. g4 Qe1+ 41. Kg2 Qxh4 0-1

[Event "Early-Titled-Tuesday-Blitz-February-20-2024"]
[Site "Chess.com"]
[Date "2024.02.20"]
[Round "5"]
[White "OneTrickPony_82"]
[Black "wild3000"]
[Result "0-1"]
[WhiteElo "2542"]
[BlackElo "2430"]
[TimeControl "180+1"]
[EndTime "8:56:12 PST"]
[Termination "wild3000 won by resignation"]

1. d4 e6 2. e4 a6 3. c4 Nf6 4. e5 Ng8 5. Nc3 d6 6. exd6 cxd6 7. Nf3 Nf6 8. Bd3 Be7 9. O-O O-O 10. Qe2 b6 11. b4 Bb7 12. Bb2 Nc6 13. a3 Rc8 14. Rad1 Qc7 15. Rfe1 Rfe8 16. h3 Bf8 17. Qd2 Ne7 18.
Ne2 Bxf3 19. gxf3 Ng6 20. Qg5 Qb7 21. Kg2 a5 22. Ng3 axb4 23. axb4 b5 24. c5 Nd5 25. Nh5 Be7 26. Qg3 Bh4 27. Qg4 f5 28. Bxf5 exf5 29. Qxf5 Qf7 30. Qxf7+ Kxf7 31. Re4 Nxb4 32. cxd6 Rc2 33.
Ba3 Nd5 34. d7 Rd8 35. Rb1 Rxf2+ 36. Kg1 Rxf3 37. Bc5 Rxd7 38. Rxb5 Nc3 39. Rxh4 Nxh4 40. Rb8 Kg6 0-1

[Event "Early-Titled-Tuesday-Blitz-February-20-2024"]
[Site "Chess.com"]
[Date "2024.02.20"]
[Round "5"]
[White "DAVIDHDZSTS"]
[Black "Statham_01"]
[Result "0-1"]
[WhiteElo "1979"]
[BlackElo "2565"]
[TimeControl "180+1"]
[EndTime "8:56:13 PST"]
[Termination "Statham_01 won by checkmate"]

1. d4 e6 2. Bf4 b6 3. e3 Bb7 4. Nf3 f5 5. Nbd2 Nf6 6. c4 Bb4 7. a3 Bxd2+ 8. Nxd2 d6 9. f3 Nbd7 10. Bd3 Nh5 11. Bg3 Qg5 12. Nf1 Nxg3 13. hxg3 O-O 14. f4 Qg6 15. Rh2 e5 16. d5 a5 17. Qe2 Nc5 18.
Bc2 b5 19. cxb5 Bxd5 20. O-O-O Be4 21. Nd2 Bxc2 22. Kxc2 e4 23. Qc4+ Kh8 24. Rh3 Rab8 25. Rdh1 h6 26. Nb3 Nxb3 27. Qxb3 c6 28. b6 d5 29. b7 Kh7 30. Rh5 Rf7 31. R1h3 Rfxb7 32. Qc3 Rxb2+ 33. Qxb2 Rxb2+ 34. Kxb2 Qf6+ 35. Ka2 c5 36. Kb3 Qb6+ 37. Kc2 d4 38. Rxf5 d3+ 39. Kc3 Qb1 40. Rd5 Qc2# 0-1

[Event "Early-Titled-Tuesday-Blitz-February-20-2024"]
[Site "Chess.com"]
[Date "2024.02.20"]
[Round "5"]
[White "DKmirl"]
[Black "abeljusto"]
[Result "1/2-1/2"]
[WhiteElo "2312"]
[BlackElo "2099"]
[TimeControl "180+1"]
[EndTime "8:56:13 PST"]
[Termination "Game drawn by repetition"]

1. d4 Nf6 2. Nf3 d5 3. g3 e6 4.
Bg2 Be7 5. O-O c5 6. c4 Nc6 7. Nc3 dxc4 8. dxc5 Qxd1 9. Rxd1 Bxc5 10. Nd2 Na5 11. Nde4 Nxe4 12. Nxe4 Be7 13. Bd2 Nc6 14. Bc3 O-O 15. Nd6 Rd8 16. Nxc4 Bd7 17. Na5 Rab8 18. Rd2 Nxa5 19. Bxa5 b6 20. Bc3 Bb5 21. Rad1 Rxd2 22. Rxd2 Rd8 23. Rxd8+ Bxd8 24. Be5 Bxe2 25. b4 a5 26.
bxa5 bxa5 27. Bc3 f6 28. Bc6 Kf7 29. f3 Bc4 30. a4 Bd5 31. Bxd5 exd5 32. Kf2 Bb6+ 33.
Ke2 Ke6 34. Kd3 Kd6 35. Bd2 Kc6 36. Bc3 Kd6 37. Bd2 Ke6 38. Bc3 Kd6 1/2-1/2

[Event "Early-Titled-Tuesday-Blitz-February-20-2024"]
[Site "Chess.com"]
[Date "2024.02.20"]
[Round "5"]
[White "GelmanAlexander"]
[Black "TimAina"]
[Result "0-1"]
[WhiteElo "2754"]
[BlackElo "2797"]
[TimeControl "180+1"]
[EndTime "8:56:14 PST"]
[Termination "TimAina won by resignation"]

1. d4 Nf6 2. Nc3 d5 3. Bf4 g6 4. e3 Bg7 5. h4 O-O 6. h5 c5 7. hxg6 hxg6 8. Qd2 Nc6 9. O-O-O Qa5 10. Nf3 Ne4 11.
Nxe4 dxe4 12. Qxa5 Nxa5 13. Ng5 cxd4 14. exd4 Bf5 15. Be2 f6 16. Nh3 Rfc8 17. g4 Be6 18.
d5 Bf7 19. Be3 Nc4 20. Bxc4 Rxc4 21. Nf4 g5 22. Ne6 Bxe6 23. dxe6 Rc6 24. Rd7 Rxe6 25. Rxb7 a6 26. Rd1 Rc8 27. Rdd7 Kf7 28. c4 Rxc4+ 29. Kb1 Rc8 30. b4 Rh8 31. a4 Rh4 32. b5 axb5 33. a5 Rxg4 34. a6 Rg1+ 35. Kc2 f5 36. Rdc7 Be5 37. a7 Ra1 38. Rc5 f4 39. Bc1 Bd4 40. Rcc7 e3 41. fxe3 fxe3 42. Bb2 Ra2 43. Kd3 e2 44. Bxd4 e1=Q 0-1

[Event "Early-Titled-Tuesday-Blitz-February-20-2024"]
[Site "Chess.com"]
[Date "2024.02.20"]
[Round "5"]
[White "kpio91"]
[Black "Kildepiotr"]
[Result "1-0"]
[WhiteElo "2882"]
[BlackElo "2669"]
[TimeControl "180+1"]
[EndTime "8:56:14 PST"]
[Termination "kpio91 won by resignation"]

1. d4 Nf6 2. Nf3 e6 3. e3 b6 4. Bd3 Bb7 5. O-O c5 6. c4 Be7 7. Nc3 cxd4 8. exd4 d5 9. cxd5 Nxd5 10. Ne5 Nd7 11.
Bb5 Nf6 12. Bc6 Qc8 13. Qf3 Bxc6 14. Nxc6 Qb7 15. d5 Nc5 16. Nxe7 Qxe7 17. dxe6 O-O 18. exf7+ Qxf7 19. Bg5 Rad8 20. Rad1 Qg6 21. Bxf6 Qxf6 22. Qxf6 gxf6 23. Nd5 Kf7 24. b4 Ne6 25. Nc3 Nd4 26.
f3 Nc2 27. b5 Ne3 28. Rxd8 Rxd8 29. Re1 Rd3 30. Ne4 Nc4 31. Rc1 Na3 32. Rc7+ Kg6 33. Rc6 Nxb5 34. Rxf6+ Kg7 35. Rc6 Ra3 36. f4 Nd4 37.
Rd6 Ne2+ 38. Kf2 Nxf4 39. Rd2 b5 40. Nd6 b4 41. Nb5 Ra5 42. Nd6 Re5 43. Kf3 Nd5 44. Nc4 Rf5+ 45. Ke4 Kf6 46. Rxd5 1-0

[Event "Early-Titled-Tuesday-Blitz-February-20-2024"]
[Site "Chess.com"]
[Date "2024.02.20"]
[Round "5"]
[White "joshdaruca"]
[Black "ketster"]
[Result "1-0"]
[WhiteElo "2772"]
[BlackElo "2570"]
[TimeControl "180+1"]
[EndTime "8:56:14 PST"]
[Termination "joshdaruca won on time"]

1. b3 d5 2. Bb2 Nf6 3. d3 c5 4.
Nd2 Nc6 5. Ngf3 Bf5 6. g3 h6 7.
Bg2 e6 8. O-O Bd6 9. e4 dxe4 10.
dxe4 Nxe4 11. Nh4 Nxd2 12. Nxf5 exf5 13. Bxc6+ bxc6 14. Qxd2 O-O 15. Rad1 Be7 16. Qc3 Bf6 17. Rxd8 Rfxd8 18. Qxc5 Bxb2 19. Re1 Bd4 20. Qxf5 Bb6 21. Re7 Rf8 22. Qd7 Rad8 23. Qg4 Rd2 24. Re2 Rd1+ 25. Kg2 Rfd8 26. Qc4 R1d6 27. h4 Rf6 28. a4 g6 29. Qc3 Bd4 30. Qe1 h5 31. c3 Bb6 32. b4 Rfd6 33. a5 Bc7 34. Re8+ Kg7 35. Rxd8 Rxd8 36. Qe3 Rd5 37. Qxa7 Be5 38. Qb7 Rd2 39.
Qxc6 1-0

[Event "Early-Titled-Tuesday-Blitz-February-20-2024"]
[Site "Chess.com"]
[Date "2024.02.20"]
[Round "5"]
[White "Bauman_Guy"]
[Black "Denis_Makhnyov"]
[Result "1-0"]
[WhiteElo "2921"]
[BlackElo "3016"]
[TimeControl "180+1"]
[EndTime "8:56:15 PST"]
[Termination "Bauman_Guy won on time"]

1. e4 e5 2. Nf3 Nc6 3. Bb5 a6 4.
Ba4 Nf6 5. O-O Be7 6. d3 b5 7.
Bb3 O-O 8. a4 Bb7 9. h3 d5 10.
exd5 Nxd5 11. Re1 Nd4 12. Nxd4 exd4 13. Nd2 c5 14. Nf3 Qc7 15. axb5 axb5 16. Rxa8 Bxa8 17. Qe2 Bd6 18. Bd2 h6 19. Nh4 Bh2+ 20. Kh1 Bf4 21. Nf5 Bxd2 22. Qxd2 c4 23. Ba2 c3 24. bxc3 dxc3 25.
Qd1 Nf4 26. Qg4 Bxg2+ 27. Kg1 g6 28. Re7 h5 29. Qg3 Qc8 30. Nh6+ Kg7 31. Nxf7 Qxh3 32. Ng5+ Kf6 33. Nxh3 Bxh3 34. Qxf4+ 1-0

[Event "Early-Titled-Tuesday-Blitz-February-20-2024"]
[Site "Chess.com"]
[Date "2024.02.20"]
[Round "5"]
[White "ploxoi"]
[Black "SahibSinghKnight"]
[Result "0-1"]
[WhiteElo "2448"]
[BlackElo "2585"]
[TimeControl "180+1"]
[EndTime "8:56:15 PST"]
[Termination "SahibSinghKnight won by resignation"]

1. d4 e6 2. c4 d5 3. Nf3 Nf6 4. g3 dxc4 5. Bg2 a6 6. O-O Nc6 7. a4 Rb8 8. a5 Be7 9. Qa4 O-O 10. Qxc4 Bd7 11. Rd1 Nb4 12. Nc3 Bc6 13. Bf4 Nfd5 14. Bd2 Nxc3 15. Qxc3 Bb5 16. e4 Be2 17. Re1 Bxf3 18.
Bxf3 c5 19. dxc5 Nd3 20. Red1 Bf6 21. Qb3 Nxb2 22. Bf4 Nxd1 23. Rxd1 Qxa5 24. Bxb8 Rxb8 25. Rd7 Qxc5 26. Rxb7 Rd8 27. h4 h5 28. Qa2 Qc1+ 29. Kg2 Rd2 30. Qb1 Qxb1 31. Rxb1 g6 32. Rb6 Bd4 33.
Rxa6 Rxf2+ 34. Kh3 Rxf3 35. Ra4 Be5 0-1

[Event "Early-Titled-Tuesday-Blitz-February-20-2024"]
[Site "Chess.com"]
[Date "2024.02.20"]
[Round "5"]
[White "Manukyan_Artak"]
[Black "fabianvivasz"]
[Result "1-0"]
[WhiteElo "2554"]
[BlackElo "2389"]
[TimeControl "180+1"]
[EndTime "8:56:15 PST"]
[Termination "Manukyan_Artak won by resignation"]

1. e4 e5 2. Nf3 Nc6 3. d4 exd4 4. Nxd4 Nf6 5. Nxc6 bxc6 6. e5 Qe7 7. Qe2 Nd5 8.
c4 Ba6 9. b3 g6 10. g3 Bg7 11.
Bb2 O-O 12. Bg2 Rae8 13. O-O Bxe5 14. Qxe5 Qxe5 15. Bxe5 Rxe5 16. cxd5 Bxf1 17. Kxf1 cxd5 18. Nc3 c6 19. Rc1 Rb8 20. Na4 Kf8 21. Bf3 Ke7 22.
Nc5 Kd6 23. Nd3 Ree8 24. Be2 a5 25. Ke1 Re4 26. Kd2 a4 27. b4 h5 28. a3 h4 29. Nc5 Re7 30. gxh4 Rh8 31. h5 gxh5 32.
Rc3 Re5 33. Rh3 h4 34. f4 Rf5 35. Ke3 Re8+ 36. Kf3 Rxe2 37. Kxe2 Rxf4 38. Rf3 Rc4 39. Kd3 Ke7 40. Nxa4 Rc1 41. Nc3 Ra1 42. a4 d6 43. a5 c5 44. Nxd5+ Ke6 45. Nc7+ Kd7 46. Rxf7+ Kc6 47. b5+ Kb7 1-0

[Event "Early-Titled-Tuesday-Blitz-February-20-2024"]
[Site "Chess.com"]
[Date "2024.02.20"]
[Round "5"]
[White "Njal28"]
[Black "MatthewG-p4p"]
[Result "1-0"]
[WhiteElo "2989"]
[BlackElo "2887"]
[TimeControl "180+1"]
[EndTime "8:56:16 PST"]
[Termination "Njal28 won by resignation"]

1. d4 e6 2. Nf3 d5 3. c4 c6 4. Qc2 dxc4 5. e4 b5 6. Nc3 Bb7 7. Be2 Nf6 8. O-O a6 9. Rb1 Nbd7 10. b3 cxb3 11. Rxb3 c5 12. d5 c4 13. Rb1 Qc7 14. dxe6 fxe6 15. Ng5 Nc5 16. e5 Nd5 17. Nxd5 Bxd5 18. Rd1 Be7 19. Bh5+ Kd7 20. Nxe6 Nxe6 21. Rxd5+ Kc6 22. Bf3 Kb6 23. Be3+ Nc5 24. Qxc4 Rhd8 25. a4 Rxd5 26. Bxd5 Rc8 27. axb5 a5 28. Rc1 Qxe5 29.
Bc6 Rd8 30. g3 h5 31. h4 Qf5 32. Qc3 a4 33. Qxg7 Qe6 34. Bxc5+ Bxc5 35. Qb7+ Ka5 36. Rxc5 Rd1+ 37. Kg2 Qe1 38. Kh3 Qxf2 39. Qa7+ Kb4 40. Rc4+ Kxc4 41. Qxf2 1-0

[Event "Early-Titled-Tuesday-Blitz-February-20-2024"]
[Site "Chess.com"]
[Date "2024.02.20"]
[Round "5"]
[White "GeorgiosSouleidis"]
[Black "bancsoo"]
[Result "0-1"]
[WhiteElo "2691"]
[BlackElo "2906"]
[TimeControl "180+1"]
[EndTime "8:56:16 PST"]
[Termination "bancsoo won on time"]

1. e4 d5 2. exd5 Qxd5 3. Nc3 Qd6 4. d4 Nf6 5. Nge2 c6 6. Bf4 Qd8 7. Ng3 g6 8. Qd2 h5 9. O-O-O Bg7 10. h4 Na6 11. Kb1 Nc7 12. Bc4 Ncd5 13. Nxd5 cxd5 14. Bb5+ Bd7 15. Bxd7+ Qxd7 16. Rhe1 Rc8 17. Re2 O-O 18. Rde1 Rfe8 19. Bh6 Bh8 20. Bg5 e6 21. c3 b5 22.
f3 a5 23. Rc1 Rc4 24. Nf1 Rec8 25. Ne3 R4c6 26. Ree1 Nh7 27. Bf4 Qb7 28. g4 Nf6 29.
Be5 b4 30. cxb4 axb4 31. Rxc6 Rxc6 32. gxh5 Nxh5 33. Bxh8 Kxh8 34. Ng4 Kg8 35. Ne5 Rc7 36. Rg1 b3 37. Qh6 Qa6 38. axb3 Ng7 39. Qd2 Qb6 0-1